AoeStats
← Moonka

Arena

508931950Analyzed
4v4 RM · 6d ago on Sep 24, 2026· 121m 57s· 8 players
Game mode
Random Map
Map size
Large (8 player)
Population
200
Speed
Normal
Resources
Standard
Victory
Conquest
Starting age
Dark Age
Ending age
Imperial Age
RankedLock teamsTeams togetherTeam positionsShared explorationLock speedFull tech treeHidden civsTurbo modeCheats
Victory
Defeat
🇲🇽 Goths · Mexico
1438
+14
🇫🇷 Italians · France
1375
+16
🇦🇪 Berbers · United Arab Emirates
1368
+16
🇷🇺 Wei · Russia
1360
+17
🇨🇦 Varangians · Canada
1459
-19
🇨🇱 Khmer · Chile
1449
-19
🇯🇵 Chinese · Japan
1342
-14
🇨🇳 Mongols · China
1271
-11
.
0:31 Loom
11:00 Feudal Age
12:18 Double-Bit Axe
15:00 Castle Age
13:09 Horse Collar
16:04 Bow Saw
15:54 Heavy Plow
24:42 Wheelbarrow
24:38 Town Watch
26:04 Hand Cart
28:19 Scale Mail Armor
28:29 Forging
30:53 Imperial Age
28:04 Man-at-Arms
29:43 Chain Mail Armor
29:30 Squires
28:55 Long Swordsman
30:36 Iron Casting
31:04 Two-Handed Swordsman
32:07 Conscription
31:49 Perfusion
31:42 Champion
34:00 Blast Furnace
32:51 Fletching
33:38 Anarchy
35:13 Elite Huskarl
44:14 Sappers
45:08 Stone Mining
45:08 Gold Mining
45:44 Masonry
45:56 Ballistics
46:36 Chemistry
45:32 Murder Holes
48:48 Pikeman
49:05 Halberdier
51:00 Architecture
50:12 Treadmill Crane
63:44 Two-Man Saw
65:51 Coinage
65:32 Guilds
65:22 Caravan
93:05 Padded Archer Armor
93:00 Bodkin Arrow
97:30 Leather Archer Armor
100:18 Ring Archer Armor
99:48 Bracer
110:22 Capped Ram
123:00 Banking
Evil Walks
10:41 Feudal Age
8:58 Loom
10:50 Feudal Age
9:05 Loom
14:06 Castle Age
15:58 Fletching
24:52 Imperial Age
22:45 Double-Bit Axe
22:45 Horse Collar
23:59 Bodkin Arrow
24:37 Gold Mining
26:07 Bracer
26:41 Town Watch
27:00 Padded Archer Armor
27:39 Ballistics
28:32 Conscription
29:36 Fortified Wall
30:34 Wheelbarrow
30:40 Masonry
30:11 Treadmill Crane
34:55 Hand Cart
41:50 Stone Mining
44:24 Stone Shaft Mining
45:36 Hoardings
45:35 Heavy Plow
47:18 Bow Saw
48:13 Elite Genoese Crossbowman
49:25 Leather Archer Armor
50:43 Ring Archer Armor
50:29 Squires
50:14 Arson
53:19 Coinage
53:20 Thumb Ring
58:10 Capped Ram
62:04 Pikeman
64:28 Scale Mail Armor
64:39 Forging
64:34 Scale Barding Armor
64:37 Town Patrol
65:51 Two-Man Saw
65:33 Crop Rotation
66:01 Banking
65:41 Guilds
65:32 Caravan
65:16 Man-at-Arms
66:38 Chain Mail Armor
66:59 Iron Casting
68:42 Chemistry
68:13 Architecture
70:41 Chain Barding Armor
70:51 Plate Mail Armor
71:22 Blast Furnace
70:46 Bloodlines
70:37 Husbandry
69:58 Light Cavalry
72:23 Plate Barding Armor
71:44 Hussar
75:30 Silk Road
76:23 Murder Holes
78:06 Cavalier
83:51 Long Swordsman
86:31 Two-Handed Swordsman
89:58 Pirotechnia
101:59 Champion
Moonka
11:13 Feudal Age
12:52 Double-Bit Axe
12:48 Horse Collar
13:31 Gold Mining
15:47 Castle Age
14:16 Stone Mining
16:43 Bow Saw
16:34 Heavy Plow
21:42 Wheelbarrow
21:49 Wheelbarrow
21:02 Loom
21:55 Gold Shaft Mining
22:01 Stone Shaft Mining
22:56 Hand Cart
23:54 Town Watch
28:01 Imperial Age
25:34 Padded Archer Armor
25:18 Treadmill Crane
25:50 Fletching
26:25 Ballistics
26:40 Bodkin Arrow
27:01 Leather Archer Armor
26:57 Tuntian
27:44 Thumb Ring
27:51 Bloodlines
27:42 Husbandry
28:43 Bracer
29:44 Chemistry
29:20 Ring Archer Armor
28:47 Elite Skirmisher
29:55 Parthian Tactics
30:41 Conscription
30:56 Ming Guang Armor
32:35 Fortified Wall
32:35 Masonry
33:13 Capped Ram
34:07 Murder Holes
34:03 Guard Tower
34:21 Scale Barding Armor
34:26 Forging
34:40 Siege Ram
41:03 Chain Barding Armor
41:18 Iron Casting
40:14 Elite Tiger Cavalry
41:31 Hoardings
41:28 Crop Rotation
43:12 Coinage
43:58 Blast Furnace
44:43 Banking
43:50 Elite Genitour
47:29 Keep
57:53 Scale Mail Armor
70:41 Caravan
77:01 Heavy Hei Guang Cavalry
84:16 Light Cavalry
86:51 Hussar
94:10 Onager
97:21 Devotion
98:27 Heavy Scorpion
Abadengo
10:35 Feudal Age
14:25 Castle Age
12:16 Double-Bit Axe
12:33 Horse Collar
23:58 Loom
26:24 Bow Saw
26:17 Heavy Plow
30:01 Fortified Wall
33:24 Imperial Age
31:30 Wheelbarrow
32:08 Fletching
32:27 Gold Mining
33:33 Bodkin Arrow
35:00 Bracer
35:23 Hand Cart
36:08 Padded Archer Armor
35:35 Pikeman
36:15 Squires
37:01 Gold Shaft Mining
36:17 Stone Mining
36:50 Ballistics
37:04 Crop Rotation
36:15 Elite Skirmisher
37:04 Thumb Ring
40:19 Chemistry
39:47 Leather Archer Armor
39:43 Forging
40:33 Scale Mail Armor
45:08 Town Watch
46:18 Conscription
47:24 Chain Mail Armor
47:45 Iron Casting
49:55 Plate Mail Armor
50:26 Blast Furnace
56:29 Ring Archer Armor
62:55 Arson
64:37 Scale Barding Armor
64:36 Husbandry
64:16 Light Cavalry
65:11 Bloodlines
66:27 Hussar
68:10 Chain Barding Armor
72:11 Caravan
72:44 Coinage
74:45 Banking
84:54 Plate Barding Armor
Ranchy
9:42 Feudal Age
13:45 Castle Age
12:29 Double-Bit Axe
14:37 Bow Saw
18:14 Loom
19:23 Horse Collar
20:25 Wheelbarrow
22:04 Town Watch
22:37 Hand Cart
26:42 Imperial Age
24:45 Bloodlines
25:03 Scale Barding Armor
25:34 Forging
25:32 Husbandry
26:13 Light Cavalry
27:18 Chain Barding Armor
27:24 Forging
28:17 Conscription
30:24 Plate Barding Armor
31:17 Iron Casting
32:13 Heavy Plow
33:05 Ballistics
33:03 Elite Jarl
35:32 Blast Furnace
36:57 Hussar
49:15 Fletching
57:37 Gold Mining
57:37 Stone Mining
63:24 Chemistry
64:48 Bodkin Arrow
64:53 Padded Archer Armor
64:53 Scale Mail Armor
66:36 Caravan
66:46 Guilds
77:54 Cavalier
78:58 Bracer
79:11 Masonry
82:57 Architecture
85:03 Coinage
τττß讠τㄷん
0:35 Loom
10:47 Feudal Age
14:22 Castle Age
12:28 Double-Bit Axe
12:26 Horse Collar
16:04 Bow Saw
16:05 Heavy Plow
18:32 Gold Mining
19:30 Wheelbarrow
20:26 Gold Shaft Mining
25:42 Imperial Age
23:38 Fletching
23:58 Stone Mining
24:51 Bodkin Arrow
26:31 Bracer
26:31 Padded Archer Armor
28:26 Stone Shaft Mining
28:39 Leather Archer Armor
31:00 Conscription
32:43 Chemistry
32:04 Ballistics
33:03 Ring Archer Armor
34:27 Capped Ram
35:12 Elite Chu Ko Nu
36:56 Thumb Ring
39:21 Siege Ram
45:42 Two-Man Saw
44:31 Heavy Rocket Cart
56:28 Heavy Scorpion
57:14 Husbandry
57:25 Bloodlines
56:35 Light Cavalry
57:20 Scale Mail Armor
57:28 Scale Barding Armor
57:34 Forging
58:25 Rocketry
60:57 Masonry
61:57 Chain Barding Armor
62:13 Iron Casting
66:11 Caravan
67:09 Caravan
69:31 Blast Furnace
69:07 Plate Barding Armor
86:28 Architecture
86:09 Fortified Wall
99:55 Cavalier
axjhbl90
11:00 Feudal Age
12:30 Double-Bit Axe
14:55 Castle Age
17:25 Stone Mining
17:28 Gold Mining
20:27 Fletching
20:43 Loom
23:20 Wheelbarrow
24:13 Bow Saw
25:16 Gold Shaft Mining
26:32 Hand Cart
26:38 Bodkin Arrow
26:44 Padded Archer Armor
30:44 Imperial Age
30:44 Stone Shaft Mining
31:51 Elite Mangudai
32:26 Horse Collar
32:46 Bodkin Arrow
32:52 Padded Archer Armor
34:10 Conscription
34:12 Ballistics
34:53 Chemistry
34:28 Bracer
34:44 Leather Archer Armor
35:14 Fortified Wall
37:08 Parthian Tactics
39:46 Murder Holes
40:06 Scale Barding Armor
40:12 Forging
50:45 Heavy Scorpion
72:43 Drill
83:59 Capped Ram
91:47 Chain Barding Armor
92:25 Light Cavalry
94:20 Bloodlines
94:12 Husbandry
95:18 Chain Barding Armor
97:26 Iron Casting
97:11 Hussar
happix
10:30 Feudal Age
13:18 Castle Age
11:30 Double-Bit Axe
12:04 Horse Collar
14:38 Bow Saw
17:09 Fervor
17:18 Loom
20:44 Wheelbarrow
27:09 Imperial Age
24:55 Hand Cart
24:43 Heavy Plow
24:35 Gold Mining
24:30 Man-at-Arms
24:56 Arson
25:44 Long Swordsman
26:26 Scale Mail Armor
26:37 Forging
27:15 Forging
27:36 Chain Mail Armor
27:15 Capped Ram
27:26 Two-Handed Swordsman
31:59 Iron Casting
31:30 Scale Barding Armor
37:33 Blast Furnace
49:24 Bloodlines
49:14 Husbandry
49:23 Husbandry
49:24 Husbandry
49:45 Chain Barding Armor
50:23 Fortified Wall
54:18 Elite Battle Elephant
54:19 Elite Battle Elephant
55:58 Plate Barding Armor
58:48 Heavy Scorpion
61:05 Light Cavalry
61:21 Pikeman
63:27 Hussar
67:22 Caravan
75:48 Crop Rotation
79:32 Cavalier
82:13 Conscription
84:37 Siege Ram
87:00 Tusk Swords
91:13 Fletching
91:50 Ballistics
94:55 Double Crossbow
95:11 Siege Engineers
96:49 Chemistry
110:34 Hoardings
110:10 Masonry
Connection lost

Rejoining the realm…

Still unreachable

The connection could not be restored.

Session expired

The server has moved on; the page needs a fresh start.